 Dungeon Crawl Stone Soup version 0.23.0-3-gf3c87f2 (console) character file.

Game seed: 9887844870447273553

2838 erker the Jinx (level 9, -3/59 HPs)
             Began as a Vampire Enchanter on Feb 22, 2019.
             Was an Initiate of Dithmenos.
             Slain by Joseph
             ... wielding a +0 quarterstaff
              (18 damage)
             ... on level 7 of the Dungeon.
             The game lasted 00:28:21 (5966 turns).

erker the Jinx (Vampire Enchanter)                  Turns: 5966, Time: 00:28:21

Health: -3/59      AC:  7    Str:  7    XL:     9   Next: 46%
Magic:  2/16       EV: 14    Int: 20    God:    Dithmenos [......]
Gold:   374        SH:  0    Dex: 15    Spells: 11/17 levels left

rFire    . . .     SeeInvis +   g - +2 dagger (venom)
rCold    + + .     Gourm    .   (no shield)
rNeg     + + +     Faith    .   y - +2 robe {Archmagi}
rPois    ∞         Spirit   .   (no helmet)
rElec    .         Reflect  .   w - +1 cloak {MR+}
rCorr    .         Harm     .   (no gloves)
MR       +....                  k - +0 pair of boots
Stlth    ++++++....             (no amulet)
HPRegen  0.00/turn              (no ring)
MPRegen  0.15/turn              (no ring)

@: bloodless, non-regenerating
A: rotting body, fangs 3, see invisible, unbreathing
a: Bat Form, Renounce Religion


You were on level 7 of the Dungeon.
You worshipped Dithmenos.
Dithmenos was noncommittal.
You were bloodless.

You visited 2 branches of the dungeon, and saw 8 of its levels.

You collected 374 gold pieces.

Inventory:

Hand Weapons
 a - a +1 dagger
 g - a +2 dagger of venom (weapon)
Missiles
 i - 13 poisoned needles
 D - 3 javelins (quivered)
Armour
 b - a +0 robe
 k - a +0 pair of boots (worn)
 t - a +0 cloak
 v - a cursed +0 shield
 w - a +1 cloak of magic resistance (worn)
 y - a +2 robe of the Archmagi (worn)
Scrolls
 d - a scroll of amnesia {unknown}
 e - 5 scrolls of teleportation {unknown}
 f - 2 scrolls of noise {unknown}
 h - 3 scrolls of remove curse {unknown}
 o - 3 scrolls of enchant armour {unknown}
 r - 2 scrolls of identify
 s - 2 scrolls of magic mapping {unknown}
 x - a scroll of fear {unknown}
 B - a scroll of enchant weapon {unknown}
Potions
 c - a potion of agility
 j - 2 potions of flight
 l - a potion of ambrosia
 m - a potion of might
 n - 3 potions of cancellation
 p - a potion of berserk rage {unknown}
 q - 18 potions of blood
 u - 7 potions of curing
 z - 2 potions of resistance {unknown}
 A - a potion of mutation {unknown}
 C - a potion of invisibility {unknown}


   Skills:
 + Level 1.4 Fighting
 * Level 4.2 Short Blades
 + Level 3.8 Dodging
 + Level 8.4 Stealth
 + Level 4.7 Spellcasting
 + Level 9.0 Hexes
 * Level 8.2 Ice Magic


You had 11 spell levels left.
You knew the following spells:

 Your Spells              Type           Power        Failure   Level  Hunger
a - Corona                Hex            ######.      1%          1    None
c - Confuse               Hex            ######..     1%          3    ##.....
z - Ensorcelled Hibernat  Hex/Ice        ######       1%          2    #......

Your spell library contained the following spells:

 Spells                   Type           Power        Failure   Level  Hunger
 Tukima's Dance           Hex            ######..     1%          3    ##.....
 Dazzling Spray           Conj/Hex       ####..       5%          3    ##.....


Dungeon Overview and Level Annotations

Branches:
Dungeon (7/15)             Temple (1/1) D:5

Altars:
Ashenzari
Cheibriados
Dithmenos
Elyvilon
Fedhas
Gozag
Hepliaklqana
Kikubaaqudgha
Makhleb
Nemelex Xobeh
Okawaru
Qazlal
Ru
Sif Muna
Uskayaw
Vehumet
Wu Jian
Xom
Yredelemnul
The Shining One

Shops:
D:7 !

Annotations:
D:4 2 transporters, p0werm0de's ghost, weakling DsWn
D:7 Joseph


Innate Abilities, Weirdness & Mutations

Your body is rotting away.
You thrive on raw meat.
You do not heal naturally.
You are immune to poison.
You have razor-sharp teeth.
You have supernaturally acute eyesight. (SInv)
You can survive without breathing.


Message History

A kobold comes into view. It is wielding a +0 short sword.
Joseph barely misses you.
You hit Joseph.
Joseph is poisoned.
Joseph is severely wounded.
Joseph hits you but does no damage.
A big kobold comes into view.
You closely miss Joseph.
Joseph is severely wounded.
Joseph closely misses you.
The kobold throws a stone.
The stone closely misses you.
The stone barely misses Joseph.
You hit Joseph.
Joseph looks as sick as possible!
Joseph is severely wounded.
Joseph hits you with a +0 quarterstaff!
* * * LOW HITPOINT WARNING * * *
The kobold throws a stone.
The stone barely misses you.
The stone barely misses Joseph.
You barely miss Joseph.
Joseph is almost dead.
Joseph hits you with a +0 quarterstaff!!
You die...

# .## #######.#.#
..#########....<...#.#
y....y..............#
#<....y∩..$.....##.##
############@##.# #
#@##.# #(##.# #.##..
#.##.. #.# #.# #.# #K#
#K# #.#


You could see Joseph, a big kobold and a kobold.

Vanquished Creatures
  Pikel (D:4)
  Sigmund (D:6)
  Eustachio (D:4)
  A water moccasin (D:6)
  3 sky beasts
  A centaur (D:6)
  3 ogres
  A bullfrog (D:6)
  2 scorpions
  4 killer bees (D:7)
  A howler monkey (D:6)
  3 crimson imps
  A quasit (D:5)
  4 orc priests (D:5)
  A hound (D:2)
  Crazy Yiuf (D:3)
  4 orc wizards
  3 bullfrog skeletons
  3 iguanas
  Natasha (twice) (D:4)
  8 worker ants
  2 hound skeletons
  4 adders
  A gnoll (D:1)
  2 shadow imps (D:6)
  An ooze (D:6)
  An adder zombie (D:6)
  An adder skeleton (D:6)
  3 worms
  3 dart slugs
  5 leopard geckos
  19 orcs
  3 giant cockroaches
  8 goblins
  6 hobgoblins
  9 jackals
  A quokka (D:3)
  4 bats
  A frilled lizard (D:1)
  A jackal zombie (D:5)
  5 kobolds
  A quokka skeleton (D:4)
  A quokka zombie (D:5)
  4 rats
135 creatures vanquished.

Vanquished Creatures (others)
  2 slaves (D:4)
  An orc (D:4)
  A giant cockroach (D:6)
4 creatures vanquished.

Grand Total: 139 creatures vanquished

Notes
Turn   | Place    | Note
-------+----------+-------------------------------------------
     0 | D:1      | erker the Vampire Enchanter began the quest for the Orb.
     0 | D:1      | Reached XP level 1. HP: 13/13 MP: 3/3
   383 | D:1      | Reached skill level 5 in Hexes
   383 | D:1      | Reached XP level 2. HP: 19/19 MP: 5/5
   387 | D:1      | Learned a level 2 spell: Ensorcelled Hibernation
   940 | D:2      | Reached skill level 6 in Hexes
   940 | D:2      | Reached XP level 3. HP: 24/24 MP: 6/6
   969 | D:2      | Reached skill level 1 in Ice Magic
   969 | D:2      | Reached XP level 4. HP: 27/30 MP: 5/8
  1409 | D:2      | Found a blossoming altar of Fedhas.
  1415 | D:2      | Found a glowing golden altar of the Shining One.
  1424 | D:2      | Found an ancient bone altar of Kikubaaqudgha.
  2261 | D:3      | Found a runed translucent door.
  2262 | D:3      | Noticed Crazy Yiuf
  2276 | D:3      | Killed Crazy Yiuf
  2276 | D:3      | Reached XP level 5. HP: 17/35 MP: 9/9
  2561 | D:4      | Noticed Natasha
  2566 | D:4      | Killed Natasha
  2600 | D:4      | Noticed Eustachio
  2607 | D:4      | Learned a level 3 spell: Confuse
  2657 | D:4      | Killed Eustachio
  2657 | D:4      | Reached XP level 6. HP: 35/41 MP: 6/10
  2747 | D:4      | Reached skill level 5 in Ice Magic
  2879 | D:4      | Found a sacrificial altar of Ru.
  2922 | D:4      | Found a transporter.
  2923 | D:4      | Noticed p0werm0de's ghost (weakling DsWn)
  2947 | D:4      | Reached XP level 7. HP: 23/46 MP: 5/11
  3336 | D:4      | Noticed Pikel
  3409 | D:4      | Killed Pikel
  3409 | D:4      | Reached skill level 7 in Hexes
  3409 | D:4      | Reached XP level 8. HP: 49/53 MP: 1/13
  3476 | D:4      | Found a transporter.
  3705 | D:4      | Noticed Natasha
  3722 | D:4      | Killed Natasha
  3744 | D:5      | Entered Level 5 of the Dungeon
  3753 | D:5      | Reached skill level 8 in Hexes
  3979 | D:5      | Reached skill level 1 in Fighting
  4021 | D:5      | Reached skill level 5 in Stealth
  4450 | D:5      | Found a staircase to the Ecumenical Temple.
  4563 | D:5      | Found a sparkling altar of Nemelex Xobeh.
  4681 | D:6      | Found a hide-covered altar of Uskayaw.
  4705 | D:6      | Found a stormy altar of Qazlal.
  4705 | D:6      | Found a burning altar of Makhleb.
  4705 | D:6      | Found a snail-covered altar of Cheibriados.
  4705 | D:6      | Noticed Sigmund
  4706 | D:6      | Killed Sigmund
  4809 | D:6      | Reached XP level 9. HP: 59/59 MP: 6/15
  4968 | D:6      | Found a white marble altar of Elyvilon.
  5010 | Temple   | Entered the Ecumenical Temple
  5188 | Temple   | Became a worshipper of Dithmenos the Shadowed
  5418 | D:6      | Reached skill level 9 in Hexes
  5611 | D:6      | Found a deep blue altar of Sif Muna.
  5928 | D:7      | Found Viab's Distillery.
  5948 | D:7      | Noticed Joseph
  5966 | D:7      | Slain by Joseph

Skill      XL: |  1  2  3  4  5  6  7  8  9 |
---------------+----------------------------+-----
Hexes          | 5 6 7 8 9 |  9.0
Ice Magic      | 1 2 4 5 7 8 |  8.2
Spellcasting   | 3 4 |  4.7
Short Blades   | 2 3 4 |  4.2
Fighting       | 1 |  1.4
Stealth        | 6 8 |  8.4
Dodging        | 3 |  3.8

Action                   |  1- 3 |  4- 6 |  7- 9 || total
-------------------------+-------+-------+-------++-------
Melee: Dagger            |    46 |    83 |   262 ||   391
       Bite              |       |     4 |    22 ||    26
 Cast: Corona            |     6 |     4 |       ||    10
       Ensorcelled Hiber |       |    14 |    56 ||    70
       Confuse           |       |     4 |    16 ||    20
 Abil: End Transformatio |       |       |     4 ||     4
       Bat Form          |       |       |     4 ||     4
  Use: Potion            |       |       |     5 ||     5
       Scroll            |       |       |     5 ||     5
 Stab: Sleeping          |     9 |    26 |    43 ||    78
       Confused          |       |     2 |     9 ||    11
Armor: Robe              |     6 |     9 |    75 ||    90
Dodge: Dodged            |    27 |    38 |   180 ||   245
